 Dungeon Crawl Stone Soup version 0.30-a0-509-gd016549fea (console) character file.

Game seed: 4584298115535775376

74492 ballblasta the Severer (level 15, 81/139 HPs)
             Began as a Hill Orc Monk on Dec 6, 2021.
             Was the Champion of Beogh.
             Quit the game on level 3 of the Swamp on Dec 22, 2022.
             The game lasted 02:52:31 (27615 turns).

ballblasta the Severer (Hill Orc Monk)             Turns: 27615, Time: 02:52:32

Health: 81/139     AC: 26    Str: 22    XL:     15   Next: 46%
Magic:  21/26      EV: 13    Int: 10    God:    Beogh [******]
Gold:   920        SH:  9    Dex: 18    Spells: 14/14 levels left

rFire   . . .      SeeInvis .    n - +1 broad axe (venom)
rCold   . . .      Faith    +    K - +1 buckler {rPois}
rNeg    . . .      Spirit   .    s - +1 plate armour "Xieffe" {Dex+5}
rPois   +          Reflect  .    u - +0 helmet
rElec   .          Harm     .    o - +0 cloak
rCorr   .          Rampage  .    e - +2 pair of gloves {infuse}
Will    +....                    Q - +0 pair of boots
Stlth   ..........               G - amulet of faith
HPRegen 0.43/turn                p - +4 ring of protection
MPRegen 0.20/turn                l - +4 ring of evasion

@: studying Shields
A: walk on water
a: Renounce Religion, Smiting, Recall Orcish Followers, Give Item to Named
Follower, Resurrection


You were on level 3 of the Swamp.
You worshipped Beogh.
Beogh was exalted by your worship.
You visited 5 branches of the dungeon, and saw 27 of its levels.
You also visited: Bailey and Volcano.

You collected 2391 gold pieces.
You spent 1471 gold pieces at shops.

Inventory:

Hand Weapons
 n - a +1 broad axe of venom (weapon)
 v - a +1 bardiche of protection
 D - a +0 glaive
 L - a +0 hand crossbow
Missiles
 q - 88 poisoned darts (quivered)
 t - 362 bolts
Armour
 e - a +2 pair of gloves of infusion (worn)
 m - a +0 kite shield
 o - a +0 cloak (worn)
 s - the +1 plate armour "Xieffe" (worn) {Dex+5}
   (You bought it in a shop on level 2 of the Orcish Mines)

   Dex:       It affects your dexterity (+5).
 u - a +0 helmet (worn)
 A - +0 fire dragon scales
 K - a +1 buckler of poison resistance (worn)
 N - a +1 pair of gloves
 Q - a +0 pair of boots (worn)
 S - the +0 chain mail "Wazxe" {Slay+2}
   (You found it on level 1 of the Lair of Beasts)

   Slay:      It affects your accuracy & damage with ranged weapons and melee
   (+2).
Jewellery
 d - a ring of ice
 g - a ring of willpower
 l - a +4 ring of evasion (right hand)
 p - a +4 ring of protection (left hand)
 B - a ring of wizardry
 G - an amulet of faith (around neck)
 H - a ring of positive energy
 U - a ring of fire
Wands
 M - a wand of iceblast (17)
 V - a wand of paralysis (11)
 Y - a wand of polymorph (23)
Scrolls
 a - a scroll of summoning
 c - 6 scrolls of enchant weapon
 k - 4 scrolls of identify
 r - 5 scrolls of enchant armour
 y - 6 scrolls of fear
 C - 5 scrolls of teleportation
 E - 2 scrolls of amnesia
 R - 2 scrolls of blinking
 T - 3 scrolls of fog
 W - a scroll of holy word
 X - 2 scrolls of silence
Potions
 b - a potion of cancellation
 f - 5 potions of berserk rage
 h - 4 potions of flight
 i - 2 potions of haste
 j - 3 potions of resistance
 w - 9 potions of curing
 x - 9 potions of might
 z - a potion of mutation
 F - a potion of magic
 I - a potion of ambrosia
 J - 4 potions of heal wounds
 O - a potion of invisibility
 Z - 2 potions of attraction


   Skills:
 + Level 14.5 Fighting
 - Level 18.0 Axes
 - Level 2.1 Throwing
 - Level 8.9 Armour
 + Level 4.8 Dodging
 - Level 1.5 Stealth
 - Level 15.1 Shields
 + Level 15.2 Invocations


You had 14 spell levels left.
You didn't know any spells.
Your spell library contained the following spells:

 Spells                   Type           Power      Damage    Failure   Level
 Animate Skeleton         Necr           0%         N/A       100%        1
 Pain                     Necr           0%         1d4       100%        1
 Sandblast                Erth           0%         2d4       100%        1
 Slow                     Hex            0%         N/A       100%        1
 Ensorcelled Hibernation  Hex/Ice        0%         N/A       100%        2
 Passwall                 Tmut/Erth      0%         N/A       100%        2
 Confusing Touch          Hex            0%         N/A       100%        3
 Gell's Gravitas          Tloc           0%         N/A       100%        3
 Lesser Beckoning         Tloc           0%         N/A       100%        3
 Spider Form              Tmut/Pois      0%         N/A       100%        3
 Stone Arrow              Conj/Erth      0%         3d7       100%        3
 Teleport Other           Tloc           0%         N/A       100%        3
 Tukima's Dance           Hex            0%         N/A       100%        3
 Vampiric Draining        Necr           0%         2d6       100%        3
 Airstrike                Air            0%         2d(0-16)  100%        4
 Cause Fear               Hex            0%         N/A       100%        4
 Summon Lightning Spire   Summ/Air       0%         N/A       100%        4
 Alistair's Intoxication  Tmut/Pois      0%         N/A       100%        5
 Borgnjor's Vile Clutch   Necr/Erth      0%         N/A       100%        5
 Lightning Bolt           Conj/Air       0%         1d11      100%        5
 Eringya's Noxious Bog    Tmut/Pois      0%         N/A       100%        6
 Dragon Form              Tmut           0%         N/A       100%        7
 Dragon's Call            Summ           0%         N/A       100%        9


Dungeon Overview and Level Annotations

Branches:
Dungeon (14/15)            Temple (0/1) D:6            Lair (6/6) D:8
  Swamp (3/4) Lair:2       Spider (2/4) Lair:4        Slime (0/5) Lair:6
    Orc (2/2) D:11            Elf (0/3) Orc:2        Vaults (0/5) D:13
 Bailey (visited)         Volcano (visited)

Altars:
Ashenzari
Dithmenos
Elyvilon
Gozag
Nemelex Xobeh
Qazlal
Ru
Trog
Xom
Yredelemnul
Zin
The Shining One
Beogh

Shops:
D:9 ?   D:11 (   D:13 *   Orc:2 *([=

Portals:
Trove: D:13 (give +6 demon whip)

Annotations:
D:8 Erica
Swamp:2 2 transporters, 3 runed translucent doors, Leissi's ghost, adept DjWn
Swamp:3 1 transporter, Soborki's ghost, adept MiBe
Spider:1 Roxanne
Spider:2 Azrael


Message History

The volley of thorns hits you!
You slice the thorn hunter!!
The thorn hunter is moderately damaged.
Bogbrand barely misses the thorn hunter.
The thorn hunter hits you but does no damage.
You block the thorn hunter's attack.
You barely miss the thorn hunter.
The thorn hunter is moderately damaged.
Bogbrand hits the thorn hunter but does no damage.
The thorn hunter fires a volley of thorns at you.
The volley of thorns hits you!!!
You slice the thorn hunter!!
The thorn hunter is heavily damaged.
The thorn hunter fires a volley of thorns at you.
The volley of thorns misses you.
You slash the thorn hunter!
The thorn hunter is severely damaged.
Bogbrand hits the thorn hunter with a +1 glaive!!
You slice the thorn hunter!!
You destroy the thorn hunter!
Beogh accepts your kill.
Okay, then.
Press: ? - help, v - describe, . - travel, g - get item
Here: Bogbrand the orc knight, wielding a +1 glaive and wearing a +0 chain mail (friendly)
Items here: a +0 spear; a spriggan corpse.
The floor, spattered with blood.
The spriggan berserker shouts!
Soborki's ghost boasts, "I have defeated monsters you have never seen."
You start resting.
The spriggan shouts!
You hear a shout!
The spriggan rider shouts! x2
You hear the loud crackling of a distant melting archway.
Saving game... please wait.
You feel a wave of frost pass over you.
There is an entrance to an ice cave on this level.
Hurry and find it before the portal melts!
Level annotation: 1 transporter, Soborki's ghost, adept MiBe Welcome back, ballblasta the Hill Orc Monk.
Beogh says: Drown the unbelievers in a sea of blood!
Press ? for a list of commands and other information.
Are you sure you want to abandon this character and quit the game? (Confirm with "yes".)

***,*, **,,*** *,*,,,, *.#.,,,
♣♣♣♣♣♣♣♣♣ ♣♣♣♣♣♣♣♣♣ *,..,,,
♣♣♣.......♣♣♣.~....~♣ **#..~,
♣♣............)~~<...♣♣ #.~~~
♣...P#####....~...(~.~♣♣****♣♣.~*
♣..###iii###..~~@.~~~.~♣*~.~#...♣
..###yWiii.##..~.o.~.~~>.~~..~..~
..#*###ii..##...(§~~~~~~~,~..~~~.
.##,*~#.###.##...(~~~~~~~~♣♣.~~..
n*,,,*$=.~*iW#...~~~~~~~.**♣.~~~.
©*©,,,=_.*,ii#©.~(~~~~§..,...~~~~
.*,,,,,,,..iW#..~(~~~~~..~~.(~~~~
.**,,*~*,..i##..~~~~~§~..~~~~~~~.
.,*,,***,...*..~~~~~~~..~~§~~~~.~


You could see a spriggan rider, 2 spriggans, Soborki's ghost and the friendly
Bogbrand the orc knight.

Vanquished Creatures
  A thorn hunter (Swamp:3)
  An eleionoma (Swamp:2)
  3 boulder beetles
  A hydra (Lair:3)
  5 centaur warriors
  4 two-headed ogres
  2 alligators (Swamp:1)
  2 orc high priests
  2 skeletal warriors (D:12)
  A lindwurm (Lair:3)
  2 ugly things (D:14)
  5 wolf spiders
  5 orb spiders
  3 orc sorcerers
  A will-o-the-wisp (Swamp:1)
  A moth of wrath (Spider:1)
  A manticore (Lair:6)
  An elephant (Lair:2)
  2 black mambas
  2 cane toads
  A gargoyle (Volcano)
  An unseen horror (D:12)
  A komodo dragon (Lair:1)
  A cane toad (shapeshifter) (D:13)
  A rime drake (Lair:6)
  A tengu conjurer (D:11)
  4 trolls
  4 jumping spiders (Spider:1)
  A polar bear (Lair:6)
  2 wind drakes (Lair:6)
  7 hornets
  2 tyrant leeches (Swamp:1)
  A slime creature (D:14)
  9 blink frogs
  2 vampires
  A centaur simulacrum (D:13)
  6 spriggans
  2 shadows
  A wyvern (Lair:6)
  15 yaks
  4 redbacks (Spider:1)
  A fire elemental (Spider:1)
  5 tarantellas (Spider:1)
  Eustachio (D:5)
  4 vampire mosquitoes
  7 swamp worms
  A warg (Orc:2)
  Menkaure (D:5)
  Duvessa (D:4)
  4 water moccasins
  An acid dragon (D:13)
  A sky beast (D:8)
  2 black bears
  Pargi (D:4)
  9 orc warriors
  3 necrophages
  8 ogres
  A wolf (Lair:5)
  4 centaurs
  2 kobold brigands
  4 bullfrogs
  2 gnoll sergeants
  2 wyvern zombies
  Dowan (D:4)
  3 killer bees (D:8)
  2 howler monkeys
  3 centaur zombies
  2 hounds
  2 jellies
  9 orc priests
  A bullfrog skeleton (D:6)
  Terence (D:3)
  4 iguanas
  3 orc wizards
  A hell rat (Lair:3)
  A killer bee zombie (D:5)
  A hound zombie (D:5)
  Robin (D:4)
  8 adders
  20 gnolls
  2 shadow imps
  An ufetubus (D:5)
  A worm (D:4)
  A dart slug (D:1)
  20 orcs
  6 ball pythons
  4 bats
  5 endoplasms
  5 giant cockroaches
  3 hobgoblins
  6 jackals
  4 quokkas
  2 frilled lizards
  17 goblins
  13 kobolds
  5 rats
  A spectral orc (D:8)
  A plant (Lair:3)
337 creatures vanquished.

Vanquished Creatures (collateral kills)
  A tentacled monstrosity (Swamp:1)
  Rupert (Lair:4)
  An orc warlord (Orc:2)
  A bunyip (Swamp:2)
  A fire dragon (D:13)
  An ettin (D:13)
  A shambling mangrove (Swamp:1)
  The ghost of Peloso the Carver, a journeyman MiFi of Okawaru (D:13)
  11 hydras
  A centaur warrior (D:13)
  2 alligators
  2 two-headed ogres
  A merfolk avatar (Lair:6)
  2 tengu warriors
  3 death yaks (Lair:5)
  2 orc high priests (Orc:2)
  Sonja (Orc:1)
  A spriggan (Swamp:1)
  2 skeletal warriors (D:12)
  A swamp dragon (Swamp:2)
  A spriggan druid (Swamp:2)
  2 bog bodies
  3 ugly things
  An orc sorcerer (Orc:2)
  4 orc knights
  3 deep elf pyromancers
  3 cyclopes
  A manticore (Lair:6)
  A will-o-the-wisp (Swamp:2)
  Maurice (Orc:1)
  9 elephants
  4 black mambas
  A gargoyle (D:7)
  9 cane toads
  4 komodo dragons
  2 rime drakes (Lair:6)
  7 trolls
  A polar bear (Lair:5)
  2 tyrant leeches (Swamp:1)
  2 hornets
  3 slime creatures (D:14)
  9 dream sheep (Lair:5)
  13 blink frogs
  A tarantella (shapeshifter) (D:13)
  2 shadows
  3 wraiths
  A redback (D:13)
  2 basilisks
  21 yaks
  A steam dragon (D:9)
  3 vampire mosquitoes
  5 swamp worms
  A warg (Orc:2)
  4 water moccasins
  13 orc warriors
  A sky beast (D:8)
  A black bear (Lair:3)
  An ogre (D:13)
  2 wolves (Lair:5)
  A centaur (D:10)
  5 kobold brigands
  7 bullfrogs
  2 scorpions (D:7)
  2 gnoll sergeants
  A water moccasin skeleton (D:6)
  An electric eel (Lair:4)
  2 howler monkeys
  3 centaur zombies
  2 gnoll boudas
  2 orc priests
  A jelly (D:6)
  3 orc wizards
  3 hell rats (Lair:3)
  A killer bee zombie (D:6)
  11 gnolls
  A white imp (D:6)
  16 orcs
  2 kobolds
  2 butterflies (D:6)
253 creatures vanquished.

Vanquished Creatures (others)
  2 orc knights
  An orc high priest (Lair:6)
  12 orc warriors
  3 orc priests
  4 orc wizards
  44 orcs
  A briar patch (Swamp:3)
  14 foxfires
  38 fungi
  74 plants
193 creatures vanquished.

Grand Total: 783 creatures vanquished

Notes
Turn   | Place    | Note
-------+----------+-------------------------------------------
     0 | D:1      | ballblasta the Hill Orc Monk began the quest for the Orb.
     0 | D:1      | Reached XP level 1. HP: 19/19 MP: 1/1
   335 | D:1      | Reached XP level 2. HP: 25/27 MP: 0/2
   816 | D:1      | Reached skill level 5 in Axes
   961 | D:2      | Found a sacrificial altar of Ru.
   990 | D:2      | You fall into a shaft and drop 1 floor!
  1015 | D:2      | Reached XP level 3. HP: 29/33 MP: 0/3
  1169 | D:2      | Became a worshipper of Beogh the Brigand
  1169 | D:2      | Reached * piety under Beogh
  1169 | D:2      | Reached ** piety under Beogh
  1643 | D:3      | Reached XP level 4. HP: 40/40 MP: 0/4
  1797 | D:3      | Reached skill level 6 in Axes
  1802 | D:3      | Noticed Terence
  1885 | D:3      | Killed Terence
  1886 | D:3      | Reached skill level 1 in Armour
  1886 | D:3      | Reached skill level 1 in Invocations
  2419 | D:3      | Reached XP level 5. HP: 46/46 MP: 1/6
  2972 | D:4      | Noticed Robin
  2991 | D:4      | Reached *** piety under Beogh
  3308 | D:4      | Killed Robin
  3316 | D:4      | Reached skill level 7 in Axes
  3316 | D:4      | Reached skill level 1 in Throwing
  3422 | D:4      | Noticed a necrophage
  3541 | D:4      | Noticed Dowan
  3541 | D:4      | Noticed Duvessa
  3547 | D:4      | Killed Duvessa
  3548 | D:4      | Reached XP level 6. HP: 52/52 MP: 0/8
  3721 | D:4      | Killed Dowan
  3737 | D:4      | Killed a necrophage
  3738 | D:4      | Reached skill level 8 in Axes
  3738 | D:4      | Reached XP level 7. HP: 57/59 MP: 0/9
  4066 | D:4      | Noticed Pargi
  4141 | D:4      | Killed Pargi
  4540 | D:5      | Entered Level 5 of the Dungeon
  4560 | D:5      | Reached skill level 9 in Axes
  4637 | D:5      | Found a sacrificial altar of Ru.
  4644 | D:5      | Found a broken altar of Ashenzari.
  4771 | D:5      | Reached skill level 5 in Invocations
  4786 | D:5      | Noticed Menkaure
  4886 | D:5      | Killed Menkaure
  4887 | D:5      | Reached skill level 10 in Axes
  4887 | D:5      | Reached XP level 8. HP: 66/66 MP: 4/12
  5046 | D:5      | Noticed Eustachio
  5065 | D:5      | Killed Eustachio
  5126 | D:5      | Reached skill level 11 in Axes
  5517 | D:6      | Found a staircase to the Ecumenical Temple.
  5571 | D:6      | Reached skill level 12 in Axes
  5586 | D:6      | Reached XP level 9. HP: 23/71 MP: 0/14
  5844 | D:6      | Found a shimmering altar of Xom.
  5883 | D:6      | Upgraded the game from 0.28-a0-998-gb9e9c7b67e to
                  | 0.28-a0-1032-ga8db75c868
  5905 | D:6      | Gained Milork as an ally
  6059 | D:7      | Reached **** piety under Beogh
  6101 | D:7      | Reached skill level 13 in Axes
  6119 | D:7      | Noticed a gargoyle
  6128 | D:7      | Killed a gargoyle
  6248 | D:7      | Found a glowing silver altar of Zin.
  6576 | D:8      | Found a stormy altar of Qazlal.
  6580 | D:8      | Found a bloodstained altar of Trog.
  6592 | D:8      | Gained Berold as an ally
  6785 | D:8      | Found a glowing golden altar of the Shining One.
  6865 | D:8      | Reached skill level 14 in Axes
  6891 | D:8      | Found a sparkling altar of Nemelex Xobeh.
  6927 | D:8      | Gained Arbolt as an ally
  6961 | D:8      | Noticed a two-headed ogre
  6969 | D:8      | Killed a two-headed ogre
  6970 | D:8      | Reached skill level 10 in Invocations
  6970 | D:8      | Reached XP level 10. HP: 62/84 MP: 0/17
  7252 | D:8      | Found a staircase to the Lair.
  7310 | D:8      | Noticed Erica
  7553 | Lair:1   | Entered Level 1 of the Lair of Beasts
  7736 | Lair:1   | Noticed a black mamba
  7739 | Lair:1   | Killed a black mamba
  7756 | Lair:1   | Noticed a black mamba
  7765 | Lair:1   | Killed a black mamba
  7802 | Lair:1   | Noticed a cane toad
  7803 | Lair:1   | Killed a cane toad
  7954 | Lair:1   | Noticed a cane toad
  7958 | Lair:1   | Killed a cane toad
  7999 | Lair:1   | Identified the +0 chain mail "Wazxe" {Slay+2}
  8043 | Lair:1   | Noticed a cane toad
  8051 | Lair:1   | Killed a cane toad
  8732 | Lair:2   | Noticed a black mamba
  8737 | Lair:2   | Noticed a cane toad
  8737 | Lair:2   | Killed a black mamba
  8742 | Lair:2   | Killed a cane toad
  8920 | Lair:2   | Noticed an elephant
  8920 | Lair:2   | Noticed an elephant
  8920 | Lair:2   | Noticed an elephant
  8923 | Lair:2   | Noticed an elephant
  8942 | Lair:2   | Killed an elephant
  8943 | Lair:2   | Reached skill level 10 in Fighting
  8943 | Lair:2   | Reached XP level 11. HP: 99/99 MP: 15/19
  9201 | Lair:2   | Noticed a bog body
  9205 | Lair:2   | Killed a bog body
  9210 | Lair:2   | Found a staircase to the Swamp.
  9340 | Lair:2   | Reached skill level 1 in Shields
 10035 | Lair:3   | Reached skill level 5 in Shields
 10083 | Lair:3   | Identified the +3 leather armour of Qitaha {+Inv rC+ Will-
                  | Str+4}
 10120 | Lair:3   | Noticed a four-headed hydra
 10130 | Lair:3   | Killed a four-headed hydra
 10172 | Lair:3   | Reached XP level 12. HP: 78/108 MP: 16/21
 10278 | Lair:3   | Identified the +3 leather armour of the Valley of Death
                  | {rElec}
 10394 | Lair:3   | Noticed a five-headed hydra
 10400 | Lair:3   | Killed a six-headed hydra
 10452 | Lair:3   | Identified a scroll of acquirement
 10479 | Lair:3   | Found a dark tunnel.
 10497 | Volcano  | Entered a volcano
 11533 | Lair:4   | Noticed Rupert
 11542 | Lair:4   | Killed Rupert
 11604 | Lair:4   | Noticed a boulder beetle
 11612 | Lair:4   | Killed a boulder beetle
 11634 | Lair:4   | Found a hole to the Spider Nest.
 11762 | Lair:4   | Reached skill level 10 in Shields
 12132 | Lair:4   | Noticed a five-headed hydra
 12138 | Lair:4   | Killed an eight-headed hydra
 12901 | Lair:5   | Noticed a four-headed hydra
 12904 | Lair:5   | Killed a four-headed hydra
 12905 | Lair:5   | Reached skill level 15 in Axes
 12998 | Lair:5   | Noticed a death yak
 13013 | Lair:5   | Noticed a death yak
 13013 | Lair:5   | Noticed a death yak
 13017 | Lair:5   | Killed a death yak
 13023 | Lair:5   | Killed a death yak
 13026 | Lair:5   | Killed a death yak
 13093 | Lair:5   | Noticed a five-headed hydra
 13102 | Lair:5   | Killed a ten-headed hydra
 13103 | Lair:5   | Reached XP level 13. HP: 70/115 MP: 23/23
 13688 | Lair:6   | Entered Level 6 of the Lair of Beasts
 13924 | Lair:6   | Reached skill level 16 in Axes
 14266 | Lair:6   | Your ally Milork died
 14280 | Lair:6   | Your ally Arbolt died
 14282 | Lair:6   | Reached ***** piety under Beogh
 14295 | Lair:6   | Gained Nordag as an ally
 14993 | Lair:6   | Found a staircase to the Slime Pits.
 15276 | D:8      | Found a basalt altar of Yredelemnul.
 15463 | D:9      | Found Fequsimi's Magic Scroll Boutique.
 15539 | D:9      | Found a white marble altar of Elyvilon.
 15793 | D:10     | Entered Level 10 of the Dungeon
 16001 | D:10     | Reached skill level 17 in Axes
 16683 | D:11     | Found Guhar's Weapon Emporium.
 17051 | D:11     | Found a staircase to the Orcish Mines.
 17073 | D:11     | Upgraded the game from 0.28-a0-1032-ga8db75c868 to
                  | 0.28-a0-1038-g9c4cb8273d
 17298 | D:11     | Found a shadowy altar of Dithmenos.
 17929 | D:12     | Reached skill level 18 in Axes
 18397 | D:12     | Reached XP level 14. HP: 122/122 MP: 21/24
 18651 | D:13     | Found a runed translucent gate.
 18677 | D:13     | Found a runed translucent gate.
 18678 | D:13     | Found a runed translucent gate.
 18682 | D:13     | Found an opulent altar of Gozag.
 18684 | D:13     | Found Iseny's Assorted Antiques.
 18684 | D:13     | Noticed Peloso's ghost (journeyman MiFi)
 18705 | D:13     | Found a gate to the Vaults.
 18724 | D:13     | Your ally Nordag died
 18974 | D:13     | Found a portal to a secret trove of treasure.
 19115 | D:13     | Reached skill level 5 in Armour
 19500 | D:14     | Found a flagged portal.
 19518 | Bailey   | Entered a bailey
 19820 | Orc:1    | Entered Level 1 of the Orcish Mines
 19865 | Orc:2    | Entered Level 2 of the Orcish Mines
 19865 | Orc:2    | Found a staircase to the Elven Halls.
 19911 | Orc:2    | Found a roughly hewn altar of Beogh.
 19953 | Orc:2    | Reached ****** piety under Beogh
 19978 | Orc:2    | Found Oteogrepn's Antique Weapon Shop.
 20137 | Orc:2    | Found Ynucepta's General Store.
 20149 | Orc:2    | Bought 2 potions of heal wounds for 160 gold pieces
 20149 | Orc:2    | Bought a potion of haste for 160 gold pieces
 20225 | Orc:2    | Found Vahou's Jewellery Boutique.
 20225 | Orc:2    | Noticed an orc warlord
 20242 | Orc:2    | Killed an orc warlord
 20835 | Orc:2    | Found Xoalah's Antique Armour Shop.
 20844 | Orc:2    | Bought a slimy plate armour for 1120 gold pieces
 20844 | Orc:2    | Identified the +1 plate armour "Xieffe" {Dex+5} (You bought
                  | it in a shop on level 2 of the Orcish Mines)
 21293 | Orc:1    | Found a roughly hewn altar of Beogh.
 21303 | Orc:1    | You fall into a shaft and drop 1 floor!
 21563 | Orc:1    | Noticed Sonja
 21566 | Orc:1    | Killed Sonja
 21722 | Orc:1    | Noticed Maurice
 21728 | Orc:1    | Reached skill level 15 in Shields
 21733 | Orc:1    | Killed Maurice
 21747 | Orc:1    | Gained Spirok as an ally
 22316 | D:13     | Killed Peloso's ghost
 22339 | D:13     | Bought a smoky yellow potion for 31 gold pieces
 23004 | D:14     | Upgraded the game from 0.28-a0-1038-g9c4cb8273d to
                  | 0.28-a0-1074-g3cb2360906
 23004 | D:14     | Acquired a +1 buckler of poison resistance
 23255 | Spider:1 | Entered Level 1 of the Spider Nest
 23937 | Spider:1 | Identified Roxanne's Guide on Transformation
 23937 | Spider:1 | Noticed Roxanne
 24846 | Spider:2 | Noticed Azrael
 24846 | Spider:2 | Noticed an emperor scorpion
 25136 | Swamp:1  | Entered Level 1 of the Swamp
 25145 | Swamp:1  | Reached XP level 15. HP: 84/136 MP: 25/25
 25627 | Swamp:1  | Gained Bogbrand as an ally
 26298 | Swamp:1  | Noticed a tentacled monstrosity
 26308 | Swamp:1  | Killed a tentacled monstrosity
 26598 | Swamp:2  | Found a transporter.
 26636 | Swamp:2  | Found a transporter.
 26873 | Swamp:2  | Found a runed translucent gate.
 26873 | Swamp:2  | Noticed a fenstrider witch
 26874 | Swamp:2  | Found a runed translucent gate.
 26875 | Swamp:2  | Found a runed translucent gate.
 26875 | Swamp:2  | Noticed a thorn hunter
 26877 | Swamp:2  | Noticed a ghoul
 26877 | Swamp:2  | Noticed Leissi's ghost (adept DjWn)
 26890 | Swamp:2  | Reached skill level 15 in Invocations
 27088 | Swamp:3  | Found a bloodstained altar of Trog.
 27088 | Swamp:3  | Noticed Soborki's ghost (adept MiBe)
 27095 | Swamp:3  | Found a transporter.
 27100 | Swamp:3  | Noticed a thorn hunter
 27487 | Swamp:2  | Upgraded the game from 0.28-a0-1074-g3cb2360906 to
                  | 0.28-a0-1159-g27aa881441
 27580 | Swamp:3  | Killed a thorn hunter
 27615 | Swamp:3  | Upgraded the game from 0.28-a0-1159-g27aa881441 to
                  | 0.30-a0-509-gd016549fea
 27615 | Swamp:3  | Quit the game

Illustrated notes

Levels and vault maps discovered:
D:1:      dpeg_arrival_radiant, layout_loops_corners, hangedman_feature_mirror
D:2:      layout_loops_ring, basic_altar
D:3:      layout_basic, minmay_misc_feat_plants, uniq_terence
D:4:      layout_gridville, uniq_duvessa, uniq_robin, uniq_pargi
D:5:      layout_basic, mainiacjoe_overflow_big_doors, uniq_eustachio,
          uniq_menkaure
D:6:      layout_basic, xom_butterflies, minmay_temple_entry_drinking_statues
D:7:      layout_rooms, zin_statuary
D:8:      layout_basic, nicolae_overflow_hidden_temple,
          mainiacjoe_overflow_boulevard, lemuel_doored_altar,
          yredelemnul_forgotten_temple_becter, lair_entry_dummy, special_room
          [special_room_orc], nzn_life_drinkers, uniq_erica
D:9:      layout_basic, elyvilon_altar_3, serial_shops,
          nicolae_shop_hallway_stairs
D:10:     layout_irregular_city, st_stairs_5, grunt_potential
D:11:     layout_cave_pools, kennysheep_orc_monster_closet_entryway,
          serial_shops, nicolae_stop_n_shop_2, grunt_dithmenos_shadows
D:12:     layout_rooms
D:13:     nicolae_cairo_tiling_large, layout_basic, enter_trove_2,
          ebering_ghost_gozag
D:14:     layout_long_grid, hangedman_decor_cross_pass, enter_bailey_1,
          hangedman_decor_peaks_small, trog_hazing_becter
Lair:1:   layout_regular_city, serial_bayou_shore_a
Lair:2:   layout_cave_pods, skrybe_swamp_entry_bodies,
          nicolae_lair_grazing_beasts [nicolae_sub_lair_graze_edge,
          nicolae_sub_lair_graze_edge, nicolae_sub_lair_graze_edge,
          nicolae_sub_lair_graze_edge], grunt_megastairs_1
Lair:3:   layout_roguey, nicolae_volcano_entry_vermiform, worms_lemuel,
          infiniplex_staircase_pool_2
Lair:4:   layout_roguey, nicolae_spider_entry_orb_guardian,
          nicolae_quartered_pool_medium, uniq_rupert
Lair:5:   layout_cave_pods
Lair:6:   gammafunk_lair_ancient_temple, layout_regular_city,
          dpeg_slime_entry_corner
Swamp:1:  layout_basic_swamp, evilmike_swamp_ruin_house_4
Swamp:2:  gammafunk_worm_tunnel, layout_basic_swamp, gammafunk_ghost_split,
          nicolae_swamp_bean_lake
Swamp:3:  layout_basic_swamp, gammafunk_ghost_wrathful_warriors,
          portal_ice_cave_entry_ugly_swarm, evilmike_swamp_ruin_house_6
Spider:1: layout_spider_delve, uniq_roxanne
Spider:2: layout_spider_delve, drop_trap, guppyfry_hornet_nest, uniq_frances,
          uniq_azrael
Orc:1:    layout_diamond_mine, bh_open_orc_temple, uniq_maurice, uniq_sonja
Orc:2:    grunt_orc_gardens, layout_caves, grunt_orc_garden, grunt_orc_garden,
          grunt_orc_garden, grunt_orc_garden, basic_altar

Skill      XL: |  1  2  3  4  5  6  7  8  9 10 11 12 13 14 15 |
---------------+----------------------------------------------+-----
Fighting       | 4 6 10 13 14 | 14.5
Axes           | 5 6 7 8 10 12 14 15 18 | 18.0
Armour         | 1 3 4 8 |  8.9
Invocations    | 1 3 5 7 10 11 13 14 15 | 15.2
Throwing       | 1 2 |  2.1
Shields        | 7 11 13 15 | 15.1
Dodging        | 4 |  4.8
Stealth        | |  1.5

Action                   |  1- 3 |  4- 6 |  7- 9 | 10-12 | 13-15 || total
-------------------------+-------+-------+-------+-------+-------++-------
Melee: Hand axe          |   103 |   155 |   251 |   292 |    26 ||   827
       Broad axe         |       |       |       |       |   650 ||   650
 Fire: Sling             |     2 |     5 |     6 |       |       ||    13
Throw: Dart              |       |    15 |    38 |    73 |   111 ||   237
Invok: Convert to Beogh  |     1 |       |       |       |       ||     1
       Smiting           |       |     3 |     3 |    11 |    11 ||    28
       Recall Orcish Fol |       |       |     3 |     2 |     7 ||    12
       Give Item to Name |       |       |       |       |     2 ||     2
       Resurrection      |       |       |       |       |     1 ||     1
Evoke: Wand              |       |       |       |     1 |     6 ||     7
  Use: Scroll            |       |     4 |     9 |     8 |    11 ||    32
       Potion            |       |     2 |       |     1 |     3 ||     6
 Stab: Distracted        |       |       |     2 |     1 |     6 ||     9
Armor: Ring mail         |    23 |       |       |       |       ||    23
       Chain mail        |    22 |    78 |   110 |    60 |   112 ||   382
       Plate armour      |       |       |       |     3 |   225 ||   228
       Fire dragon scale |       |       |       |     1 |     2 ||     3
Dodge: Dodged            |    50 |    76 |   116 |    87 |   249 ||   578
Block: Kite shield       |       |       |       |    27 |   249 ||   276
       Buckler           |       |       |       |       |   102 ||   102

Table legend: (Time is in decaauts)
 A = Elapsed time spent in this place.
 B = Non-inter-level travel time spent in this place.
 C = Inter-level travel time spent in this place.
 D = Time resting spent in this place.
 E = Time spent auto-exploring this place.
 F = Levels seen in this place.
 G = Mean time per level.
                   A        B        C        D        E       F      G
               +--------+--------+--------+--------+--------+-----+--------+
         Total |  27324 |  25020 |   2304 |   4621 |  11759 |  29 |  942.2 |
       Dungeon |  12899 |  11802 |   1097 |   1450 |   5121 |  14 |  921.4 |
          Lair |   8174 |   7578 |    596 |   1537 |   4287 |   6 | 1362.3 |
         Swamp |   2233 |   2024 |    209 |   1009 |    409 |   3 |  744.3 |
   Spider Nest |   1628 |   1453 |    175 |    463 |    791 |   2 |  814.0 |
  Orcish Mines |   2111 |   1887 |    224 |    161 |   1141 |   2 | 1055.5 |
        Bailey |    254 |    254 |      0 |      0 |     10 |   1 |  254.0 |
       Volcano |     23 |     23 |      0 |      0 |      0 |   1 |   23.0 |
               +--------+--------+--------+--------+--------+-----+--------+

Top non-repeatable levels by time:
Spider:1: 1614 daAuts
  Lair:2: 1605 daAuts
     D:3: 1498 daAuts
  Lair:3: 1482 daAuts
  Lair:6: 1419 daAuts
    D:13: 1387 daAuts
   Orc:2: 1299 daAuts
     D:4: 1278 daAuts
  Lair:5: 1264 daAuts
    D:11: 1230 daAuts
  Lair:1: 1221 daAuts
  Lair:4: 1182 daAuts
 Swamp:2: 1076 daAuts
     D:8: 1076 daAuts
 Swamp:1: 1032 daAuts
